 Dungeon Crawl Stone Soup version 0.30.0-20-g3615ddf2f0 (webtiles) character file.

Game seed: 2038188672762350743

364 qw the Chopper (level 6, -4/37 HPs)
             Began as a Gargoyle Fighter on May 27, 2023.
             Slain by a gnoll bouda
             ... wielding a +0 club
              (5 damage)
             ... on level 3 of the Dungeon.
             The game lasted 00:01:30 (2372 turns).

qw the Chopper (Gargoyle Fighter)                   Turns: 2372, Time: 00:01:30

Health: -4/37      AC: 12    Str: 22    XL:     6   Next: 67%
Magic:  6/6        EV: 10    Int:  8    God:
Gold:   176        SH:  5    Dex: 15    Spells: 5/5 levels left

rFire   . . .        Y - +0 war axe
rCold   . . .        c - +0 buckler
rNeg    + . .        b - +0 scale mail
rPois   inf          g - +0 helmet
rElec   +            (no cloak)
rCorr   .            (no gloves)
SInv    +            (no boots)
Will    .....        (no amulet) Stlth
                     m - +6 ring of dexterity
HPRegen 0.26/turn    e - ring of see invisible
MPRegen 0.10/turn

%: no passive effects
@: no status effects
A: sickness immunity, AC +4, negative energy resistance 1, electricity
resistance, torment resistance 1, petrification resistance
a: no special abilities


You were on level 3 of the Dungeon.
You visited 1 branch of the dungeon, and saw 3 of its levels.
You also visited: Sewer.

You collected 176 gold pieces.


Innate Abilities, Weirdness & Mutations

You are immune to sickness and miasma.
Your stone body is resilient. (AC +4)
You are immune to poison.
You resist negative energy. (rN+)
You are resistant to electric shocks. (rElec)
You are resistant to unholy torment.
You are immune to petrification.


   Skills:
 + Level 3.5 Fighting
 - Level 5.9 Axes
 - Level 3.2 Armour
 - Level 1.2 Dodging
 - Level 3.2 Shields


You had 5 spell levels left.
You didn't know any spells.
Your spell library was empty.

Inventory:

Hand Weapons
 o - the +8 mace of Dissolution {heavy, rF+ Int+3}
   (You found it on level 2 of the Dungeon)

   Int:       It affects your intelligence (+3).
   rF:        It protects you from fire.
 Y - a +0 war axe (weapon)
Armour
 b - a +0 scale mail (worn)
 c - a +0 buckler (worn)
 g - a +0 helmet (worn)
Jewellery
 e - a ring of see invisible (right hand)
 m - a +6 ring of dexterity (left hand)
Scrolls
 a - a scroll of identify
Potions
 d - 3 potions of might
 f - a potion of cancellation {unknown}
 h - a potion of curing {unknown}
 i - a potion of mutation {unknown}
 j - a potion of lignification {unknown}
 k - a potion of attraction
 n - a potion of heal wounds {unknown}

Dungeon Overview and Level Annotations

Branches:
Dungeon (3/15)              Sewer (visited)

Altars:
Ashenzari
Gozag
Kikubaaqudgha
Qazlal

Shops:
D:1 =


Message History

The gnoll bouda hits you with a +0 club.
You hit the gnoll bouda but do no damage.
The gnoll is no longer moving quickly.
The gnoll barely misses you.
The gnoll bouda hits you but does no damage.
The gnoll hits you from afar with a +0 halberd.
You hit the gnoll bouda.
The gnoll bouda is lightly wounded.
The gnoll is no longer moving quickly.
The gnoll bouda barks out a call to the hunt!
The gnoll picks up the pace!
The gnoll hits you but does no damage.
You slash the gnoll bouda!
The gnoll bouda is heavily wounded.
The gnoll bouda misses you. The gnoll hits you but does no damage.
You barely miss the gnoll bouda.
The gnoll bouda is heavily wounded.
The gnoll bouda closely misses you. The gnoll closely misses you.
You hit the gnoll bouda but do no damage.
The gnoll bouda is heavily wounded.
The gnoll bouda barks out a call to the hunt!
The gnoll hits you from afar with a +0 halberd.
The gnoll bouda hits you with a +0 club!
You hit the gnoll bouda.
The gnoll bouda is severely wounded.
You block the gnoll's attack.
The gnoll bouda utters an invocation to its god.
The gnoll bouda is healed somewhat.
The gnoll barely misses you.
You hit the gnoll bouda.
The gnoll bouda is severely wounded.
The gnoll bouda closely misses you.
The gnoll hits you from afar with a +0 halberd.
You hit the gnoll bouda but do no damage.
The gnoll bouda is severely wounded.
Your attacks no longer feel as feeble.
You block the gnoll bouda's attack.
The gnoll hits you from afar with a +0 halberd.
You hit the gnoll bouda but do no damage.
The gnoll bouda is severely wounded.
The gnoll bouda hits you with a +0 club.
You die...

.#######.#
##........#.##.#.# .#
#.#
##........#.##.#.#
########.#
#.........#.##.#.#
.........#
#....######.##.#..
#############....#
#.. ##~
........#........#
#######.#........##
##.#.........## #
#..........@g.#
######.##........#g#
.......##......###.gg
.......##......#
.....
~~~...###......#
....... ~~~~..#
#......# .......
~.~~..###......#
.......
~~~~...........#
.......
~~~....#########


You could see a gnoll bouda and 3 gnolls.

Vanquished Creatures
  Sigmund (D:3)
  Pargi (Sewer)
  4 adders
  A river rat (D:2)
  3 worms
  A dart slug (D:1)
  An orc (D:3)
  4 ball pythons
  5 endoplasms
  3 giant cockroaches
  5 goblins
  A hobgoblin (D:3)
  9 kobolds
  6 quokkas
  6 bats
  A frilled lizard (D:1)
  4 rats
56 creatures vanquished.

Notes
Turn   | Place    | Note
-------+----------+-------------------------------------------
     0 | D:1      | qw the Gargoyle Fighter began the quest for the Orb.
     0 | D:1      | Reached XP level 1. HP: 14/14 MP: 1/1
     0 | D:1      | 0 ||| qw: Version: 0.2-a-99-gce666ed
     0 | D:1      | 0 ||| qw: Game counter: 130
     0 | D:1      | 0 ||| qw: Always use a shield: true
     0 | D:1      | 0 ||| qw: God list: Okawaru
     0 | D:1      | 0 ||| qw: Allow faded altars: false
     0 | D:1      | 0 ||| qw: Do Orc after D:15 true
     0 | D:1      | 0 ||| qw: Do second Lair branch before Depths: true
     0 | D:1      | 0 ||| qw: Lair rune preference: random
     0 | D:1      | 0 ||| qw: Plans: Normal, Zot:1-4, God:TSO, Crypt, Tomb,
                  | Pan, Slime:5, Hells, Abyss, Win
     0 | D:1      | 0 ||| PLANNING D:1-11
    62 | D:1      | Reached skill level 2 in Axes
   134 | D:1      | Reached XP level 2. HP: 19/19 MP: 2/2
   304 | D:1      | Found Zayno's Jewellery Emporium.
   321 | D:1      | 321 ||| SHOPLISTING +4 ring of protection (504 gold, have
                  | 37).
   321 | D:1      | 321 ||| SHOPLISTING amulet of reflection (420 gold, have
                  | 37).
   321 | D:1      | 321 ||| SHOPLISTING ring of fire (350 gold, have 37).
   321 | D:1      | 321 ||| SHOPLISTING ring of ice (350 gold, have 37).
   321 | D:1      | 321 ||| SHOPLISTING ring of positive energy (280 gold, have
                  | 37).
   321 | D:1      | 321 ||| SHOPLISTING ring of protection from fire (350 gold,
                  | have 37).
   502 | D:1      | 502 ||| Stepping ~*~*~tactically~*~*~ (hiding).
   631 | D:1      | Reached skill level 3 in Axes
   671 | D:1      | 671 ||| Stepping ~*~*~tactically~*~*~ (stealth).
   694 | D:1      | Reached XP level 3. HP: 23/23 MP: 3/3
   697 | D:1      | You fall into a shaft and drop 1 floor!
   698 | D:2      | 698 ||| UPGRADING to +0 helmet.
   703 | D:2      | 703 ||| UPGRADING to +6 ring of dexterity.
   704 | D:2      | 704 ||| READING 2 scrolls labelled BARARI EHIRCH.
   705 | D:2      | 705 ||| READING scroll labelled NOCZIU YZXADI.
   706 | D:2      | 706 ||| READING scroll labelled LIMASOCILU.
   707 | D:2      | 707 ||| DRINKING 2 coppery potions.
   864 | D:1      | 864 ||| UPGRADING to ring of see invisible.
   865 | D:1      | 865 ||| READING 2 scrolls of identify.
   865 | D:1      | 865 ||| IDENTIFYING purple potion
   866 | D:1      | 866 ||| DROPPING potion of degeneration.
   985 | D:2      | Reached skill level 1 in Dodging
  1026 | D:2      | 1026 ||| Stepping ~*~*~tactically~*~*~ (stealth).
  1032 | D:2      | 1032 ||| Stepping ~*~*~tactically~*~*~ (stealth).
  1033 | D:2      | 1033 ||| Stepping ~*~*~tactically~*~*~ (stealth).
  1088 | D:2      | 1088 ||| DROPPING +0 club.
  1167 | D:2      | Found a faded altar of an unknown god.
  1227 | D:2      | Identified the +8 mace of Dissolution {heavy, rF+ Int+3}
  1229 | D:2      | 1229 ||| DROPPING +0 whip.
  1237 | D:2      | Reached XP level 4. HP: 28/28 MP: 4/4
  1315 | D:2      | 1315 ||| DROPPING orb of guile.
  1316 | D:2      | 1316 ||| READING scroll labelled CIOSCHY ITHEU.
  1317 | D:2      | 1317 ||| READING scroll labelled ZEPHUGUY YMUFI.
  1318 | D:2      | 1318 ||| READING 2 scrolls labelled VOZUCEDYKH.
  1319 | D:2      | 1319 ||| READING 2 scrolls of identify.
  1319 | D:2      | 1319 ||| IDENTIFYING emerald potion
  1320 | D:2      | 1320 ||| DROPPING potion of brilliance.
  1321 | D:2      | 1321 ||| DROPPING scroll of amnesia.
  1352 | D:3      | 1352 ||| PLANNING SEWER
  1377 | D:3      | Found a broken altar of Ashenzari.
  1537 | D:3      | Found a glowing drain.
  1539 | D:3      | 1539 ||| FLEEEEING.
  1542 | D:3      | 1542 ||| FLEEEEING.
  1543 | D:3      | 1543 ||| FLEEEEING.
  1544 | D:3      | 1544 ||| FLEEEEING.
  1545 | D:3      | 1545 ||| FLEEEEING.
  1546 | D:3      | 1546 ||| FLEEEEING.
  1548 | D:3      | 1548 ||| FLEEEEING.
  1549 | D:3      | 1549 ||| FLEEEEING.
  1550 | D:3      | 1550 ||| FLEEEEING.
  1552 | D:3      | 1552 ||| FLEEEEING.
  1553 | D:3      | 1553 ||| FLEEEEING.
  1554 | D:3      | 1554 ||| FLEEEEING.
  1557 | D:3      | 1557 ||| FLEEEEING.
  1558 | D:3      | 1558 ||| FLEEEEING.
  1559 | D:3      | 1559 ||| FLEEEEING.
  1560 | D:3      | 1560 ||| FLEEEEING.
  1561 | D:3      | 1561 ||| FLEEEEING.
  1562 | D:3      | 1562 ||| FLEEEEING.
  1563 | D:3      | 1563 ||| FLEEEEING.
  1564 | D:3      | 1564 ||| FLEEEEING.
  1565 | D:3      | 1565 ||| FLEEEEING.
  1566 | D:3      | 1566 ||| FLEEEEING.
  1568 | D:3      | 1568 ||| FLEEEEING.
  1569 | D:3      | 1569 ||| FLEEEEING.
  1570 | D:3      | 1570 ||| FLEEEEING.
  1571 | D:3      | 1571 ||| FLEEEEING.
  1572 | D:3      | 1572 ||| FLEEEEING.
  1573 | D:3      | 1573 ||| FLEEEEING.
  1574 | D:3      | 1574 ||| FLEEEEING.
  1575 | D:3      | 1575 ||| FLEEEEING.
  1577 | D:3      | 1577 ||| FLEEEEING.
  1578 | D:3      | 1578 ||| FLEEEEING.
  1580 | D:3      | 1580 ||| FLEEEEING.
  1582 | D:3      | 1582 ||| FLEEEEING.
  1583 | D:3      | 1583 ||| FLEEEEING.
  1584 | D:3      | 1584 ||| FLEEEEING.
  1585 | D:3      | 1585 ||| FLEEEEING.
  1586 | D:3      | 1586 ||| FLEEEEING.
  1587 | D:3      | 1587 ||| FLEEEEING.
  1588 | D:3      | 1588 ||| STAIRDANCE
  1592 | D:3      | 1592 ||| STAIRDANCE
  1673 | D:3      | 1673 ||| FLEEEEING.
  1674 | D:3      | 1674 ||| FLEEEEING.
  1675 | D:3      | 1675 ||| FLEEEEING.
  1676 | D:3      | 1676 ||| FLEEEEING.
  1677 | D:3      | 1677 ||| FLEEEEING.
  1678 | D:3      | 1678 ||| FLEEEEING.
  1689 | D:3      | 1689 ||| FLEEEEING.
  1690 | D:3      | 1690 ||| FLEEEEING.
  1691 | D:3      | 1691 ||| FLEEEEING.
  1696 | D:3      | 1696 ||| FLEEEEING.
  1697 | D:3      | 1697 ||| FLEEEEING.
  1698 | D:3      | 1698 ||| FLEEEEING.
  1699 | D:3      | 1699 ||| FLEEEEING.
  1700 | D:3      | 1700 ||| FLEEEEING.
  1701 | D:3      | 1701 ||| FLEEEEING.
  1702 | D:3      | 1702 ||| FLEEEEING.
  1703 | D:3      | 1703 ||| FLEEEEING.
  1708 | D:3      | 1708 ||| FLEEEEING.
  1709 | D:3      | 1709 ||| FLEEEEING.
  1710 | D:3      | 1710 ||| FLEEEEING.
  1711 | D:3      | 1711 ||| FLEEEEING.
  1712 | D:3      | 1712 ||| FLEEEEING.
  1776 | Sewer    | Entered a sewer
  1813 | Sewer    | Noticed Pargi
  1819 | Sewer    | Killed Pargi
  1820 | Sewer    | Reached skill level 4 in Axes
  1820 | Sewer    | Reached XP level 5. HP: 21/32 MP: 5/5
  1940 | Sewer    | 1940 ||| READING scroll labelled MOIRELEPIF.
  1954 | D:3      | 1954 ||| PLANNING D:1-11
  1991 | D:3      | Found a stormy altar of Qazlal.
  2037 | D:3      | Noticed Sigmund
  2042 | D:3      | Killed Sigmund
  2043 | D:3      | Reached skill level 5 in Axes
  2043 | D:3      | Reached XP level 6. HP: 27/37 MP: 6/6
  2079 | D:3      | Found an opulent altar of Gozag.
  2080 | D:3      | Found an ancient bone altar of Kikubaaqudgha.
  2351 | D:3      | 2351 ||| Stepping ~*~*~tactically~*~*~ (hiding).
  2352 | D:3      | 2352 ||| Stepping ~*~*~tactically~*~*~ (hiding).
  2368 | D:3      | HP: 4/37 [gnoll bouda/+0 club (7)]
  2371 | D:3      | HP: 1/37 [gnoll/+0 halberd[a gnoll bouda] (1)]
  2372 | D:3      | Slain by a gnoll bouda

Levels and vault maps discovered:
D:1:      minmay_arrival_nine_rooms, layout_basic, serial_shops,
          nicolae_square_shop, minmay_hexomino_p4
D:2:      layout_rooms, hellmonk_ecumenical_altar_heavens_door
D:3:      layout_basic, evilmike_ruin_ashenzari,
          mainiacjoe_overflow_divided_tiny, old_standard_altar,
          portal_sewer_entry_a, chequers_serial_rivers_small_b,
          nicolae_grassy_gnolls, uniq_crazy_yiuf_cottage, uniq_sigmund

Skill      XL: |  1  2  3  4  5 |
---------------+----------------+-----
Axes           | 2 3 4 5 |  5.9
Dodging        | 1 |  1.2
Fighting       | |  3.5
Armour         | |  3.2
Shields        | |  3.2

Action                     |  1- 3 |  4- 6 || total
---------------------------+-------+-------++-------
  Melee: War axe           |    99 |   102 ||   201
  Throw: Boomerang         |     5 |       ||     5
    Use: Scroll            |     4 |     5 ||     9
         Potion            |     1 |       ||     1
 Armour: Scale mail        |    48 |    44 ||    92
  Dodge: Dodged            |    42 |    41 ||    83
  Block: Buckler           |    24 |    25 ||    49

Table legend:
 A = Non-vault XP
 B = Vault XP
 C = Vault XP percentage of total XP
 D = Non-vault monster count
 E = Vault monster count
 F = Vault count percentage of total count
                 A         B        C        D         E       F
            +---------+---------+-------+---------+---------+-------
      Total |     131 |     389 |  74.8 |      43 |      13 |  23.2
            +---------+---------+-------+---------+---------+-------
        D:1 |      31 |       6 |  16.2 |      18 |       4 |  18.2
        D:2 |      47 |      13 |  21.7 |      12 |       1 |   7.7
        D:3 |      53 |     226 |  81.0 |      13 |       1 |   7.1
      Sewer |       0 |     144 | 100.0 |       0 |       7 | 100.0
            +---------+---------+-------+---------+---------+-------
